 Dungeon Crawl Stone Soup version 0.22-a0-362-g535178c (webtiles) character file.

135 GameOver the Conjurer (level 5, -7/63 HPs)
             Began as a Naga Wizard on Apr 19, 2018.
             Mangled by an orc warrior
             ... wielding a +0 battleaxe
              (13 damage)
             ... on level 3 of the Dungeon.
             The game lasted 00:09:31 (1381 turns).

GameOver the Conjurer (Naga Wizard)                 Turns: 1381, Time: 00:09:32

Health: -7/63      AC: 22    Str:  9      XL:     5   Next: 18%
Magic:  8/9        EV:  1    Int: 18 (20) God:
Gold:   63         SH:  3    Dex:  7 (9)  Spells: 9/10 levels left

rFire    . . .     SeeInvis +   g - +1 whip (freeze)
rCold    . . .     Gourm    .   h - +0 buckler
rNeg     + + +     Faith    .   (armour currently unavailable)
rPois    +         Spirit   .   (helmet currently unavailable)
rElec    .         Reflect  .   (cloak currently unavailable)
rCorr    .         Harm     .   (gloves currently unavailable)
MR       .....     NoTele   +   (no barding)
Stlth    ++........             (no amulet)
HPRegen  0.20/turn              (no ring)
MPRegen  0.11/turn              (no ring)

@: tree-form, drained
A: large, see invisible, slow metabolism 1, spit poison 1, AC +1
a: Spit Poison


You were on level 3 of the Dungeon.
You were hungry.
You were a tree.
You visited 1 branch of the dungeon, and saw 3 of its levels.

You collected 63 gold pieces.

Inventory:

Hand Weapons
 g - a +1 whip of freezing (weapon)
 q - a +2 dagger of speed
 r - a +0 hunting sling
Armour
 a - a scarf of resistance (melded)
 b - a +0 hat (melded)
 c - a +0 robe (melded)
 h - a +0 buckler (worn)
 j - a cursed +0 shield
Scrolls
 f - 2 scrolls of enchant weapon
 i - 2 scrolls of identify
 o - a scroll of remove curse
 s - a scroll of amnesia
Comestibles
 d - 5 rations


   Skills:
 + Level 1.9(1.3) Maces & Flails
 - Level 1.5(0.9) Dodging
 - Level 3.0(2.3) Stealth
 + Level 1.3(0.6) Shields
 - Level 3.0(2.3) Spellcasting
 * Level 3.8(3.1) Conjurations
   Level 1.0(0.3) Summonings
   Level 1.0(0.3) Translocations


You had 9 spell levels left.
You knew the following spells:

 Your Spells              Type           Power        Failure   Level  Hunger
a - Magic Dart            Conj           ##..         7%          1    #......


Dungeon Overview and Level Annotations

Branches:
Dungeon (3/15)

Altars:

Annotations:
D:2 Sigmund


Innate Abilities, Weirdness & Mutations

You cannot wear boots.
((Your serpentine skin is tough. (AC +1)))
You have supernaturally acute eyesight. (SInv)
((Armour fits poorly on your strangely shaped body.))
((Your system is resistant to poisons. (rPois)))
((You cover ground very slowly.))
You have a slow metabolism.
You can spit poison.


Message History

You hit the orc warrior but do no damage.
You barely miss the orc warrior.
The orc warrior hits you with a battleaxe!
* * * LOW HITPOINT WARNING * * *
You hit the orc warrior but do no damage.
The orc warrior hits you with a battleaxe.
* * * LOW HITPOINT WARNING * * *
You closely miss the orc warrior.
You have got your breath back.
The orc warrior hits you but does no damage.
You hit the orc warrior. You freeze the orc warrior.
The orc warrior is lightly wounded.
The orc warrior hits you with a battleaxe.
* * * LOW HITPOINT WARNING * * *
You barely miss the orc warrior.
The orc warrior is lightly wounded.
You closely miss the orc warrior.
The orc warrior is lightly wounded.
The orc warrior hits you with a battleaxe!
You die...

... ... #o# #.# #o#
#.###### #......# ###
######o# #.. #♣# #.#
#.# #.# #.# #.#
##.#.##### #.#
#........#####.# ####
##.#...........###...
#.#####.####...#....
# #.####...#.(##
#.##.......[#


You could see an orc warrior.

Vanquished Creatures
  2 orc wizards (D:3)
  2 adders (D:2)
  An ooze (D:1)
  4 worms (D:2)
  2 dart slugs (D:2)
  3 leopard geckos
  A ball python (D:1)
  5 bats
  2 goblins
  3 hobgoblins
  4 jackals (D:1)
  A quokka (D:2)
  3 frilled lizards
  3 kobolds
  2 rats (D:1)
38 creatures vanquished.

Notes
Turn   | Place    | Note
-------+----------+-------------------------------------------
     0 | D:1      | GameOver the Naga Wizard began the quest for the Orb.
     0 | D:1      | Reached XP level 1. HP: 15/15 MP: 4/4
   128 | D:1      | Reached XP level 2. HP: 18/22 MP: 0/6
   313 | D:1      | Reached XP level 3. HP: 3/28 MP: 1/7
   771 | D:2      | Reached skill level 1 in Maces & Flails
   824 | D:2      | Noticed Sigmund
  1083 | D:2      | Reached XP level 4. HP: 23/36 MP: 6/8
  1350 | D:3      | Noticed an orc warrior
  1367 | D:3      | Reached skill level 1 in Shields
  1372 | D:3      | Reached XP level 5. HP: 16/42 MP: 7/9
  1381 | D:3      | Mangled by an orc warrior

Vault maps used:
D:1:      minmay_arrival_floating_metal
D:2:      hangedman_feature_mirror, uniq_sigmund
D:3:      marbit_many_paths, chequers_temple_overflow_statue_of_worship,
          first_ration

Skill      XL: |  1  2  3  4 |
---------------+-------------+-----
Conjurations   | 2 3 |  3.8
Maces & Flails | 1 |  1.9
Shields        | 1 |  1.3
Dodging        | |  1.5
Stealth        | |  3.0
Spellcasting   | |  3.0
Summonings     | |  1.0
Translocations | |  1.0

Action                   |  1- 3 |  4- 6 || total
-------------------------+-------+-------++-------
Melee: Whip              |    24 |    15 ||    39
 Cast: Magic Dart        |    42 |    20 ||    62
 Abil: Spit Poison       |    24 |     9 ||    33
  Use: Potion            |     1 |     4 ||     5
       Scroll            |       |     5 ||     5
  Eat: Chunk             |     2 |     1 ||     3
Armor: Skin              |    35 |     6 ||    41
       Robe              |     5 |       ||     5
Dodge: Dodged            |    15 |     2 ||    17
Block: Buckler           |     3 |     3 ||     6

Table legend:
 A = Spawn XP
 B = Non-spawn XP
 C = Spawn XP percentage of total XP
 D = Spawn monster count
 E = Non-spawn monster count
 F = Spawn count percentage of total count
 G = Total turns spent on level
                    A         B        C        D         E        F      G
               +---------+---------+-------+---------+---------+-------+---------
         Total |       0 |     193 |   0.0 |       0 |      38 |   0.0 |  1381
               +---------+---------+-------+---------+---------+-------+---------
           D:1 |       0 |      40 |   0.0 |       0 |      19 |   0.0 |   697
           D:2 |       0 |      68 |   0.0 |       0 |      16 |   0.0 |   602
           D:3 |       0 |      85 |   0.0 |       0 |       3 |   0.0 |    82
               +---------+---------+-------+---------+---------+-------+---------
